 Dungeon Sprint DCSS version 0.17-a0-1748-g222fba8 (webtiles) character file.

1600000 hexophile the Portalist (level 13, -29/65 HPs)
             Began as a Spriggan Warper on Sept 1, 2015.
             Was an Initiate of Makhleb.
             Annihilated by a meat berserker
             ... wielding a +9 battleaxe
              (63 damage)
             ... in the Dungeon (Sprint VIII: "Arena of Blood").
             The game lasted 00:01:05 (16 turns).

hexophile the Portalist (Spriggan Warper)             Turns: 16, Time: 00:01:05

Health: -29/65     AC:  2    Str:  7    XL:     13   Next: 0%
Magic:  5/30       EV: 33    Int: 15    God:    Makhleb [......]
Gold:   0          SH:  0    Dex: 20    Spells: 1 memorised, 35 levels left

rFire  . . .     SeeInvis +     k - +∞ Axe of Woe
rCold  . . .     Clarity  .     a - +0 robe
rNeg   . . .     SustAt   .     (shield restricted)
rPois  .         Gourm    .     (helmet restricted)
rElec  .         Spirit   .     (no cloak)
rCorr  .         Warding  .     (gloves unavailable)
rMut   .         NoTele   +     (boots unavailable)
MR     ++...                    (no amulet)
Stlth  ++++++++..               (no ring)
                                (no ring)

@: very quick, very resistant to hostile enchantments, extraordinarily stealthy
A: unfitting armour, see invisible, herbivore 3, speed 3, slow metabolism 2
a: Renounce Religion


You were in the Dungeon.
You worshipped Makhleb.
Makhleb was noncommittal.
You were not hungry.

You visited 1 branch

Inventory:

Hand weapons
 k - the +∞ Axe of Woe (weapon)
   (You found it in the Dungeon)
Missiles
 d - 5 tomahawks of dispersal (quivered)
Armour
 a - a +0 robe (worn)
Scrolls
 c - 2 scrolls of blinking
Potions
 f - a potion of curing
 g - a potion of heal wounds
 h - a potion of haste
 i - 2 potions of magic
 j - a potion of berserk rage
Books
 b - a book of Spatial Translocations

   Spells                             Type                      Level
   a - Apportation                    Translocation                1
   b - Blink                          Translocation                2
   c - Shroud of Golubria             Charms/Translocation         2
   d - Portal Projectile              Translocation                3
   e - Teleport Other                 Translocation                3
   f - Passage of Golubria            Translocation                4
Comestibles
 e - a bread ration


   Skills:
 + Level 6.1 Fighting
 * Level 11.1 Axes
 + Level 1.1 Throwing
 * Level 9.9 Armour
 + Level 15.4 Dodging
 * Level 18.3 Stealth
 + Level 6.2 Unarmed Combat
 + Level 12.1 Spellcasting
 + Level 21.1 Translocations
 * Level 12.6 Invocations


You had 35 spell levels left.
You knew the following spells:

 Your Spells              Type           Power        Failure   Level  Hunger
a - Apportation           Tloc           ######....   0%          1    None


Dungeon Overview and Level Annotations

Branches:
Dungeon (1/1)

Altars:
Makhleb


Innate Abilities, Weirdness & Mutations

You are tiny and cannot use many weapons and most armour.
You have supernaturally acute eyesight.
You are a herbivore.
You cover ground extremely quickly.
You need consume almost no food.


Message History

Increase (S)trength, (I)ntelligence, or (D)exterity?
You feel agile.
You have reached level 7!
You have reached level 8!
You have reached level 9!
Your experience leads to an increase in your attributes!
Increase (S)trength, (I)ntelligence, or (D)exterity?
You feel agile.
You have reached level 10!
You feel agile.
You have reached level 11!
You have reached level 12!
Your experience leads to an increase in your attributes!
Increase (S)trength, (I)ntelligence, or (D)exterity?
You feel agile.
You have reached level 13!
You hear a shout! x11
The meat berserker hits you with a +9 battleaxe!!!
Ouch! That really hurt!
You die... oo

.....oo ..
oO####o....##o#
..#.....o.o.....
..o#O.........#.
...#....o.......
##...#......o.....
......#............
........)@...oo.....
#....O..oO.......o.
.#........#.......#
....#..o..#.......#
#.....O###.......###.
.............###......
.....#.......o_.......
..O#.......#.....#....
#..........#_.<._# .


You could see 6 meat berserkers and 16 bags of meat.

Vanquished Creatures
  An ogre (D)
1 creature vanquished.

Notes
Turn   | Place    | Note
--------------------------------------------------------------
     0 | D        | hexophile the Spriggan Warper began the quest for the Orb.
     0 | D        | Reached XP level 1. HP: 10/10 MP: 5/5
     3 | D        | Became a worshipper of Makhleb the Destroyer
     5 | D        | Noticed a bag of meat
     6 | D        | Noticed a bag of meat
     7 | D        | Noticed a meat berserker
     7 | D        | Noticed a meat berserker
     8 | D        | Noticed a bag of meat
     9 | D        | Noticed a bag of meat
     9 | D        | Noticed a bag of meat
    12 | D        | Noticed a meat berserker
    12 | D        | Noticed a meat berserker
    12 | D        | Noticed a meat berserker
    13 | D        | Noticed a bag of meat
    13 | D        | Noticed a bag of meat
    14 | D        | Noticed a bag of meat
    14 | D        | Noticed a bag of meat
    14 | D        | Noticed a meat berserker
    15 | D        | Noticed a bag of meat
    15 | D        | Noticed a bag of meat
    15 | D        | Noticed a bag of meat
    15 | D        | Noticed a bag of meat
    15 | D        | Noticed a bag of meat
    15 | D        | Noticed a bag of meat
    15 | D        | Noticed a bag of meat
    16 | D        | Noticed a bag of meat
    16 | D        | Noticed a meat berserker
    16 | D        | Killed a meat berserker
    16 | D        | Reached skill level 6 in Fighting
    16 | D        | Reached skill level 11 in Axes
    16 | D        | Reached skill level 15 in Dodging
    16 | D        | Reached skill level 18 in Stealth
    16 | D        | Reached skill level 21 in Translocations
    16 | D        | Reached XP level 2. HP: 12/19 MP: 5/16
    16 | D        | Reached XP level 3. HP: 14/23 MP: 5/17
    16 | D        | Reached XP level 4. HP: 17/28 MP: 5/19
    16 | D        | Reached XP level 5. HP: 19/32 MP: 5/20
    16 | D        | Reached XP level 6. HP: 21/36 MP: 5/22
    16 | D        | Reached XP level 7. HP: 23/40 MP: 5/23
    16 | D        | Reached XP level 8. HP: 25/44 MP: 5/25
    16 | D        | Reached XP level 9. HP: 27/48 MP: 5/26
    16 | D        | Reached XP level 10. HP: 29/53 MP: 5/27
    16 | D        | Reached XP level 11. HP: 30/56 MP: 5/28
    16 | D        | Reached XP level 12. HP: 32/61 MP: 5/29
    16 | D        | Reached XP level 13. HP: 34/65 MP: 5/30
    16 | D        | Annihilated by a meat berserker

Vault maps used:
D:        meatsprint

Action                   |  1- 3 |  4- 6 |  7- 9 | 10-12 | 13-15 || total
-------------------------+-------+-------+-------+-------+-------++-------
Melee: Broad axe         |     1 |       |       |       |       ||     1
